 Dungeon Crawl Stone Soup version 0.24.0-13-gcf9b319 (webtiles) character file.

Game seed: 15523010358019046070, levelgen mode: deterministic

204 Balder the Poker (level 5, -6/36 HPs)
             Began as a Merfolk Gladiator on May 7, 2020.
             Was an Initiate of Hepliaklqana.
             Killed by divine providence
             ... invoked by an orc priest
              (9 damage)
             ... on level 4 of the Dungeon.
             The game lasted 00:16:06 (3249 turns).

Balder the Poker (Merfolk Gladiator)                Turns: 3249, Time: 00:16:06

Health: -6/36      AC: 14    Str: 15    XL:     5   Next: 82%
Magic:  5/5        EV:  8    Int:  8    God:    Hepliaklqana [......]
Gold:   187        SH:  0    Dex: 15    Spells: 4/4 levels left

rFire    . . .     SeeInvis .   a - +0 trident
rCold    . . .     Gourm    .   (no shield)
rNeg     . . .     Faith    .   s - +0 chain mail
rPois    .         Spirit   .   c - +0 helmet
rElec    .         Reflect  .   y - +2 cloak
rCorr    .         Harm     .   (no gloves)
MR       .....                  A - +1 pair of boots
Stlth    ..........             (no amulet)
HPRegen  0.12/turn              (no ring)
MPRegen  0.09/turn              (no ring)

@: no status effects
A: change form in water, swift swim, stealthy swim, reduced essence
a: Recall Ancestor, Ancestor Identity, Renounce Religion


You were on level 4 of the Dungeon.
You worshipped Hepliaklqana.
Hepliaklqana was noncommittal.
You were not hungry.

You visited 2 branches of the dungeon, and saw 5 of its levels.

You collected 187 gold pieces.

Inventory:

Hand Weapons
 a - a +0 trident (weapon)
 j - a +0 dagger of protection
 v - a +0 falchion
Missiles
 d - 2 throwing nets (quivered)
Armour
 b - a +0 leather armour
 c - a +0 helmet (worn)
 i - a +0 cloak
 s - a +0 chain mail (worn)
 y - a +2 cloak (worn)
 A - a +1 pair of boots (worn)
Wands
 o - a wand of acid (10)
 z - a wand of polymorph (3)
Scrolls
 h - a scroll of fog {unknown}
 k - a scroll of noise {unknown}
 l - a scroll of enchant weapon {unknown}
 m - 2 scrolls of identify {unknown}
 n - 2 scrolls of immolation {unknown}
 p - a scroll of fear {unknown}
 q - 2 scrolls of teleportation {unknown}
 r - a scroll of amnesia {unknown}
 t - a scroll of enchant armour {unknown}
 w - 2 scrolls of remove curse {unknown}
 x - a scroll of random uselessness {unknown}
Potions
 e - 2 potions of cancellation
 g - 2 potions of flight {unknown}
 u - 4 potions of curing {unknown}
 C - a potion of berserk rage {unknown}
Comestibles
 f - 5 rations
 B - 4 chunks of flesh


   Skills:
 * Level 2.8 Fighting
 * Level 1.0 Long Blades
 * Level 7.2 Polearms
 + Level 2.3 Throwing
 + Level 0.6 Armour
 * Level 4.7 Dodging
 * Level 1.5 Stealth


You had 4 spell levels left.
You didn't know any spells.
Your spell library was empty.

Dungeon Overview and Level Annotations

Branches:
Dungeon (4/15)             Temple (1/1) D:4

Altars:
Ashenzari
Dithmenos
Elyvilon
Hepliaklqana
Kikubaaqudgha
Nemelex Xobeh
Okawaru
Sif Muna
Uskayaw
Wu Jian
Xom
Yredelemnul
The Shining One


Message History

The orc wizard blinks!
The orc priest hits you but does no damage.
You barely miss the orc priest.
Edward the Lion hits the ogre.
The orc priest hits you with a +0 flail.
The ogre barely misses you.
It was a potion of cancellation.
You feel magically purged.
Edward the Lion barely misses the ogre.
The orc priest hits you but does no damage.
The ogre hits you with a +0 giant spiked club!!
Ouch! That really hurt!
* * * LOW HITPOINT WARNING * * *
Edward the Lion hits the ogre but does no damage.
Edward the Lion barely misses the ogre.
The orc priest hits you but does no damage.
Edward the Lion misses the orc.
The orc barely misses Edward the Lion.
The orc priest casts a cantrip, but nothing happens.
Edward the Lion closely misses the orc.
The orc priest calls down the wrath of Beogh upon you.
Beogh smites you!
You die...

.... ..o# ...##
....### ?......
#########oo.....
.#####.......o.S.....
...........o.R...#.##
..####...@.O.......#
##.###........# #.#
#........# #.#
########.# #.# .# #.#
. #.#### #....#
########.##.#


You could see the friendly Edward the Lion the ancestor, an ogre, 2 orc priests,
an orc wizard, an adder and an orc.

Vanquished Creatures
  A howler monkey (D:4)
  6 adders
  3 worms (D:2)
  6 dart slugs
  4 leopard geckos
  9 orcs
  3 bats (D:3)
  4 giant cockroaches
  7 goblins
  3 hobgoblins
  3 jackals (D:1)
  3 quokkas
  A ball python (D:2)
  6 frilled lizards
  13 kobolds
  A leopard gecko skeleton (D:4)
  12 rats
85 creatures vanquished.

Vanquished Creatures (collateral kills)
  A giant cockroach (D:4)
1 creature vanquished.

Grand Total: 86 creatures vanquished

Notes
Turn   | Place    | Note
-------+----------+-------------------------------------------
     0 | D:1      | Balder the Merfolk Gladiator began the quest for the Orb.
     0 | D:1      | Reached XP level 1. HP: 16/16 MP: 1/1
   206 | D:1      | Reached XP level 2. HP: 22/22 MP: 2/2
   327 | D:1      | Reached skill level 5 in Polearms
   748 | D:1      | Reached XP level 3. HP: 23/28 MP: 3/3
  1062 | D:2      | Reached XP level 4. HP: 29/34 MP: 4/4
  1263 | D:2      | Reached skill level 6 in Polearms
  1604 | D:2      | Found a sparkling altar of Nemelex Xobeh.
  1785 | D:2      | Found a white marble altar of Elyvilon.
  1864 | D:2      | Found a basalt altar of Yredelemnul.
  2023 | D:3      | Reached skill level 1 in Stealth
  2244 | D:3      | Reached XP level 5. HP: 39/39 MP: 5/5
  3108 | D:4      | Reached skill level 1 in Long Blades
  3108 | D:4      | Reached skill level 7 in Polearms
  3135 | D:4      | Found a staircase to the Ecumenical Temple.
  3146 | Temple   | Entered the Ecumenical Temple
  3164 | Temple   | Became a worshipper of Hepliaklqana the Forgotten
  3238 | D:4      | Noticed an ogre
  3249 | D:4      | Killed from afar by an orc priest

Levels and vault maps discovered:
D:1:      minmay_arrival_diagonal_passages, layout_basic
D:2:      layout_rooms, kennysheep_ying_yang, first_ration,
          nemelex_spade_bored_becter
D:3:      layout_loops_cross, lexackson_kobold_supper
D:4:      layout_basic, cheibriados_altar_1, overflow_temple_1_default,
          nicolae_overflow_crystal_walls,
          chequers_temple_overflow_statue_of_worship,
          minmay_temple_entry_antechambers, serial_glass, glass_columns_a,
          glass_columns_a, glass_columns_a, glass_columns_b,
          gammafunk_ghost_nasty_kobolds
Temple:   cyrus_circular_temple

Skill      XL: |  1  2  3  4  5 |
---------------+----------------+-----
Polearms       | 5 6 7 |  7.2
Stealth        | 1 |  1.5
Long Blades    | 1 |  1.0
Fighting       | |  2.8
Throwing       | |  2.3
Armour         | |  0.6
Dodging        | |  4.7

Action                   |  1- 3 |  4- 6 || total
-------------------------+-------+-------++-------
Melee: Trident           |   109 |   194 ||   303
Throw: Throwing net      |     2 |     1 ||     3
Invok: Ancestor Identity |       |     1 ||     1
  Use: Potion            |       |     1 ||     1
 Stab: Held in net/web   |       |     2 ||     2
  Eat: Chunk             |       |     8 ||     8
Armor: Leather armour    |    23 |       ||    23
       Chain mail        |       |    96 ||    96
Dodge: Dodged            |    72 |    68 ||   140
